 Dungeon Crawl Stone Soup version 0.22.0-36-g8e74550 (webtiles) character file.

268 iamserjio the Ruffian (level 6, 0/59 HPs)
             Began as a Troll Fighter on Aug 24, 2018.
             Killed from afar by an orc wizard (10 damage)
             ... with a magic dart
             ... on level 4 of the Dungeon.
             The game lasted 00:03:10 (407 turns).

iamserjio the Ruffian (Troll Fighter)                Turns: 407, Time: 00:03:11

Health: 0/59       AC:  5    Str: 25    XL:     6   Next: 0%
Magic:  5/5        EV:  8    Int:  6    God:
Gold:   76         SH:  8    Dex:  9    Spells: 5/5 levels left

rFire    . . .     SeeInvis .     - Unarmed
rCold    . . .     Gourm    +   b - +0 shield
rNeg     . . .     Faith    .   a - +0 robe
rPois    .         Spirit   .   (helmet restricted)
rElec    .         Reflect  .   (no cloak)
rCorr    .         Harm     .   (gloves unavailable)
MR       .....                  (boots unavailable)
Stlth    +.........             (no amulet)
HPRegen  0.59/turn              (no ring)
MPRegen  0.09/turn              (no ring)

@: no status effects
A: large, unfitting armour, claws 3, fast metabolism 3, gourmand, regeneration
1, shaggy fur 1, tough skin 2
a: no special abilities


You were on level 4 of the Dungeon.
You were not hungry.

You visited 1 branch of the dungeon, and saw 4 of its levels.

You collected 76 gold pieces.

Inventory:

Armour
 a - a +0 robe (worn)
 b - a +0 shield (worn)
Scrolls
 c - 2 scrolls of identify {unknown}
Comestibles
 d - 4 rations


   Skills:
 - Level 2.4 Fighting
 - Level 2.4 Dodging
 - Level 2.4 Shields
 + Level 6.3 Unarmed Combat


You had 5 spell levels left.
You didn't know any spells.
Your spell library was empty.

Dungeon Overview and Level Annotations

Branches:
Dungeon (4/15)
 Temple: D:4-7

Altars:

Portals:
Ossuary: D:4

Annotations:
D:4 Blork the orc


Innate Abilities, Weirdness & Mutations

You are too large for most types of armour.
You have claws for hands.
Your metabolism is lightning-fast.
You like to eat raw meat.
Your natural rate of healing is unusually fast.
You are covered in fur. (AC +1)
You have very tough skin. (AC +2)


Message History

You claw the orc wizard!
The orc wizard is severely wounded.
The orc hits you with a whip.
* * * LOW HITPOINT WARNING * * *
The orc wizard casts a spell at you. The magic dart hits you!
* * * LOW HITPOINT WARNING * * *
Unknown command.
The orc wizard hits you with a dagger.
* * * LOW HITPOINT WARNING * * *
Your shield prevents you from hitting the orc wizard.
The orc wizard is severely wounded.
You block the orc wizard's attack.
Your shield prevents you from hitting the orc wizard.
The orc wizard is severely wounded.
The orc hits you with a whip.
* * * LOW HITPOINT WARNING * * *
The orc wizard points at you and mumbles some strange words.
The magic dart hits you!
You die...

...#...##........(
#########.........
...#... #.........
#.>.#.>.##.........
##...#...#..........
#'## ##'..........
#..#####............
##..........#######
#o@........#
#o##+#.....#
#######o...#.....#
#.....)#...+.....#
#......#...#.....#
#......+..>#...>.#
#......#####.....#
#%..........
#...........


You could see an orc wizard and 2 orcs.

Vanquished Creatures
  An ogre (D:4)
  A centaur zombie (D:4)
  A worker ant (D:4)
  4 gnolls (D:2)
  6 adders
  A worm (D:3)
  A dart slug (D:1)
  2 leopard geckos
  2 orcs (D:4)
  2 bats (D:2)
  3 goblins
  5 hobgoblins
  4 kobolds
  2 rats
35 creatures vanquished.

Notes
Turn   | Place    | Note
-------+----------+-------------------------------------------
     0 | D:1      | iamserjio the Troll Fighter began the quest for the Orb.
     0 | D:1      | Reached XP level 1. HP: 22/22 MP: 0/0
    41 | D:1      | Reached XP level 2. HP: 20/29 MP: 1/1
    88 | D:2      | Reached skill level 3 in Unarmed Combat
   121 | D:2      | Reached XP level 3. HP: 11/36 MP: 2/2
   128 | D:2      | Reached skill level 4 in Unarmed Combat
   130 | D:2      | Reached XP level 4. HP: 16/44 MP: 3/3
   227 | D:3      | Reached skill level 5 in Unarmed Combat
   284 | D:4      | Noticed Blork the orc
   304 | D:4      | Reached XP level 5. HP: 42/50 MP: 4/4
   364 | D:4      | Found a sand-covered staircase.
   378 | D:4      | Noticed an ogre
   389 | D:4      | Killed an ogre
   389 | D:4      | Reached skill level 6 in Unarmed Combat
   389 | D:4      | Reached XP level 6. HP: 26/59 MP: 5/5
   407 | D:4      | Killed from afar by an orc wizard

Skill      XL: |  1  2  3  4  5 |
---------------+----------------+-----
Unarmed Combat | 3 4 5 6 |  6.3
Fighting       | |  2.4
Dodging        | |  2.4
Shields        | |  2.4

Action                   |  1- 3 |  4- 6 || total
-------------------------+-------+-------++-------
Melee: Unarmed           |    50 |    73 ||   123
  Use: Potion            |     2 |       ||     2
       Scroll            |       |     2 ||     2
  Eat: Chunk             |       |     2 ||     2
Armor: Robe              |    19 |     8 ||    27
Dodge: Dodged            |    24 |    16 ||    40
Block: Shield            |    27 |    27 ||    54
